Match 46779476
Unlisted

Match 46779476
End
Construct Weapon Support Center
Engineer Squad
Sniper
Bazooka Squad
Sniper
Improved M9 Bazooka Rockets
Bazooka Squad
Selects Special Operations Battlegroup
Selects Smoke Screen
Construct Medical Station
Mechanized Support Center
Selects SSF Commando Squad
SSF Commando Squad
Construct Tank Depot
Selects M29 Weasel Recon Vehicle
Selects Mark Vehicle
Selects UNKNOWN (2162291)
M4A1 Sherman Medium Tank
Improvised Armor
M1919 Machine Gun Team
Designate Forward Repair Station
Construct Barracks
Mark Vehicle
1⁄4-ton 4x4 Truck
M4A1 Sherman Medium Tank
Mark Vehicle
Designate Forward Repair Station
M18 Hellcat Tank Destroyer
Mark Vehicle
M18 Hellcat Tank Destroyer
M18 Hellcat Tank Destroyer
Mark Vehicle
Designate Forward Repair Station
Smoke Screen
Boneless
Epouvente
Sensei Landa
heybuy
0
0

Comments sign in to comment!

No comments posted yet!